 Dungeon Crawl Stone Soup version 0.32-a0-685-g93135e86f0 (webtiles) character file.

Game seed: 15715142639354577844

13331 shadizar the Thaumaturge (level 12, -4/83 HPs)
             Began as a Djinni Fire Elementalist on Mar 12, 2024.
             Was a Priest of Makhleb.
             Slain by a cane toad (15 damage)
             ... on level 1 of the Lair of Beasts.
             The game lasted 00:19:56 (13416 turns).

shadizar the Thaumaturge (DjFE)                    Turns: 13416, Time: 00:19:57

Health: -4/83      AC:  6    Str: 13    XL:     12   Next: 31%
Gold:   478        EV: 13    Int: 22    God:    Makhleb [***...] SH: 11 Dex: 14

rFire   + + +        c - staff of fire
rCold   x . .        w - +1 kite shield
rNeg    . . .        d - +2 robe
rPois   ∞            q - +0 helmet
rElec   .            (no cloak)
rCorr   .            e - +0 pair of gloves
SInv    .            (boots unavailable)
Will    +....        (no amulet)
Stlth   ++           u - +6 ring of strength
HPRegen 0.33/turn    t - ring of the Mage {Wiz Archmagi}
MPRegen 0.00/turn

%: wizardry (x1), archmagi, infuse magic (-5 HP)
@: flying
A: sickness immunity, fire resistance 2, cold vulnerability 1, float, innate
caster, HP casting, extra vitality 1
a: Renounce Religion, Minor Destruction, Lesser Servant of Makhleb


You were on level 1 of the Lair of Beasts.
You worshipped Makhleb.
Makhleb was most pleased with you.
You visited 3 branches of the dungeon, and saw 13 of its levels.
You also visited: Sewer.

You collected 478 gold pieces.

Inventory:

Armour
 d - a +2 robe (worn)
 e - a +0 pair of gloves (worn)
 q - a +0 helmet (worn)
 w - a +1 kite shield (worn)
 A - a +1 chain mail of willpower
Magical Staves
 c - a staff of fire (weapon)
 l - a staff of air
 r - a staff of death
 v - a staff of conjuration
 x - a staff of earth
Jewellery
 g - a ring of fire
 k - a ring of protection from fire
 t - the ring of the Mage (right hand) {Wiz Archmagi}
   (You found it on level 4 of the Dungeon)

   [ring of wizardry]

   Wiz:       It improves your spell success rate.
   Archmagi:  It increases the power of your magical spells.
 u - a +6 ring of strength (left hand)
Wands
 a - a wand of charming (3)
 f - a wand of flame (17)
 B - a wand of acid (8)
Scrolls
 b - a scroll of poison
 i - a scroll of enchant armour
 j - 2 scrolls of teleportation
 m - 2 scrolls of blinking
 y - a scroll of fear
Potions
 h - 4 potions of curing
 n - a potion of ambrosia
 o - a potion of brilliance
 p - a potion of heal wounds
 C - a potion of might {unknown}


   Skills:
 - Level 6.1 Fighting
 - Level 3.5 Armour
 - Level 7.0 Dodging
 - Level 1.5 Stealth
 - Level 7.3 Shields
 + Level 12.0 Spellcasting
 + Level 12.0 Conjurations
 + Level 12.0 Hexes
   Level 0.0 Charms
 + Level 12.0 Summonings
 + Level 12.0 Necromancy
 + Level 12.0 Translocations
   Level 0.0 Transmutations
 + Level 12.0 Fire Magic
 + Level 12.0 Ice Magic
 + Level 12.0 Air Magic
 + Level 12.0 Earth Magic
 + Level 12.0 Alchemy


You knew the following spells:

 Your Spells              Type           Power      Damage    Failure   Level
a - Foxfire               Conj/Fire      100%       2x1d9     1%          1
b - Scorch                Fire           100%       2d9       1%          2
c - Volatile Blastmotes   Fire/Tloc      100%       2d18      1%          3
d - Inner Flame           Hex/Fire       99%        N/A       1%          3
e - Flame Wave            Conj/Fire      99%        2d21      1%          4
f - Apportation           Tloc           100%       N/A       1%          1
g - Lesser Beckoning      Tloc           100%       N/A       1%          2
h - Dazzling Flash        Conj/Hex       100%       N/A       1%          3
i - Mephitic Cloud        Conj/Alch/Air  79%        N/A       1%          3
j - Passage of Golubria   Tloc           79%        N/A       1%          4
Your spell library was empty.

Dungeon Overview and Level Annotations

Branches:
Dungeon (10/15)            Temple (1/1) D:7            Lair (2/5) D:10
 Shoals (0/4) Lair:2        Sewer (visited)
  Snake: Lair:2-3    Spider: Lair:2-3       Orc: D:9-12

Altars:
Ashenzari
Cheibriados
Dithmenos
Elyvilon
Fedhas
Gozag
Hepliaklqana
Makhleb
Nemelex Xobeh
Okawaru
Qazlal
Ru
Trog
Uskayaw
Wu Jian
Xom
Yredelemnul
Zin
The Shining One

Shops:
D:1 [

Annotations:
D:4 Eustachio
D:7 1 runed translucent door, exclusion: statue


Innate Abilities, Weirdness & Mutations

You are immune to sickness and miasma.
You are immune to poison.
Your flesh is very heat resistant. (rF++)
You are vulnerable to cold. (rC-)
You float through the air rather than walking.
You learn spells naturally, not from books.
Your magical power is your life essence.
You have superior vitality. (+4 MHP)


Message History

The blink frog is lightly wounded.
The blink frog's fire resistance burns away.
The cane toad stings you.
Unknown command.
You feel a strong surge of power!
You conjure some foxfire!
The blink frog blinks!
The cane toad stings you!!
You feel a strong surge of power!
You conjure some foxfire!
The cane toad is no longer more vulnerable to fire.
The foxfire hits the blink frog!
The blink frog is burned terribly!
The blink frog is moderately wounded.
You block the cane toad's attack. The cane toad barely misses you.
You feel a strong surge of power!
You conjure some foxfire!
The foxfire hits the cane toad.
The cane toad is lightly wounded.
The foxfire hits the cane toad!
The cane toad is moderately wounded.
The foxfire hits the cane toad but does no damage.
The cane toad is moderately wounded.
The blink frog completely misses you. The cane toad stings you!
The blink frog blinks!
Casting: Foxfire (safe; 1% risk of failure)
Confirm with . or Enter, or press ? or * to list all spells.
You feel a strong surge of power!
Flames lash the cane toad.
The cane toad is moderately wounded.
The cane toad's fire resistance burns away.
The blink frog is no longer more vulnerable to fire.
The foxfire hits the cane toad.
The cane toad is burned terribly!
The cane toad is heavily wounded.
The cane toad stings you!
* * * LOW HITPOINT WARNING * * *
Unknown command.
You are too injured to fight recklessly!
Casting: Scorch (safe; 1% risk of failure)
Confirm with . or Enter, or press ? or * to list all spells.
You feel a strong surge of power!
Flames lash the blink frog.
The blink frog is almost dead.
The blink frog's fire resistance burns away.
* * * LOW HITPOINT WARNING * * *
The cane toad stings you!
You die...

####................
...#.................P.
.......P#P#P.#.##.....
.......#####.#.# ....#
...#...##......# ....# .
...#....#......# ....#..
...#....##.##P## .......
.......###..#####.....#
###.............@F...#
...............§.F......
........................
........................
...(....................
#..##...................
....#.................##
....#....###...#.#.....
....#


You could see a cane toad (combustible) and a blink frog (combustible).

Vanquished Creatures
  A two-headed ogre (D:9)
  Erica (D:10)
  Pikel (D:4)
  2 cane toads
  2 komodo dragons (Lair:2)
  A kobold demonologist (D:10)
  A troll (D:10)
  A hornet (D:9)
  Prince Ribbit (D:5)
  6 blink frogs
  3 wyverns
  A shadow (D:9)
  4 yaks (D:9)
  Grum (D:9)
  A vampire mosquito (D:10)
  Duvessa (D:6)
  5 orc warriors
  5 water moccasins
  An ice beast (D:8)
  3 black bears
  An ogre (D:7)
  4 boggarts (Lair:2)
  15 wolves
  3 centaurs
  2 phantoms
  3 lemures (D:4)
  8 kobold brigands
  9 bullfrogs
  5 scorpions
  13 wights (D:8)
  Dowan (D:6)
  9 killer bees
  A howler monkey (D:7)
  An electric eel (D:10)
  5 bombardier beetles
  6 hounds
  2 jellies
  4 orc priests
  A gnoll bouda (D:4)
  A sleepcap (D:6)
  2 iguanas (D:6)
  10 orc wizards
  6 gnolls (D:7)
  13 adders
  3 river rats (Sewer)
  A white imp (D:6)
  2 ufetubi (D:6)
  4 ribbon worms
  A dart slug (D:5)
  31 orcs
  7 ball pythons
  12 endoplasms
  4 giant cockroaches
  7 goblins
  7 hobgoblins
  10 jackals
  12 kobolds
  4 quokkas
  2 bats (D:3)
  4 frilled lizards
  A goblin skeleton (D:7)
  A jackal zombie (D:7)
  7 rats
287 creatures vanquished.

Vanquished Creatures (collateral kills)
  2 foxfires (Lair:2)
2 creatures vanquished.

Vanquished Creatures (others)
  1301 foxfires
1301 creatures vanquished.

Grand Total: 1590 creatures vanquished

Notes
Turn   | Place    | Note
-------+----------+-------------------------------------------
     0 | D:1      | shadizar the Djinni Fire Elementalist began the quest for
                  | the Orb.
     0 | D:1      | shadizar set off with the following spells memorised:
                  | Foxfire, Scorch, Volatile Blastmotes, Inner Flame, Flame
                  | Wave.
     0 | D:1      | Reached XP level 1. HP: 15/15 MP: 0/0
    33 | D:1      | Reached XP level 2. HP: 12/22 MP: 0/0
   304 | D:1      | Found Gaceraf's Antique Armour Shoppe.
   337 | D:1      | Reached skill level 1 in Fighting
   511 | D:1      | Reached XP level 3. HP: 25/27 MP: 0/0
   511 | D:1      | Learned a level 1 spell: Apportation
  1314 | D:2      | Reached XP level 4. HP: 26/33 MP: 0/0
  1969 | D:3      | Noticed a scorpion
  1980 | D:3      | Killed a scorpion
  1981 | D:3      | Reached XP level 5. HP: 5/39 MP: 0/0
  1981 | D:3      | Learned a level 2 spell: Lesser Beckoning
  2119 | D:3      | Found a glowing drain.
  2141 | Sewer    | Entered a sewer
  2497 | Sewer    | Reached XP level 6. HP: 43/45 MP: 0/0
  2518 | Sewer    | Reached skill level 5 in Spellcasting
  2518 | Sewer    | Reached skill level 5 in Conjurations
  2518 | Sewer    | Reached skill level 5 in Hexes
  2518 | Sewer    | Reached skill level 5 in Summonings
  2518 | Sewer    | Reached skill level 5 in Necromancy
  2518 | Sewer    | Reached skill level 5 in Translocations
  2518 | Sewer    | Reached skill level 5 in Fire Magic
  2518 | Sewer    | Reached skill level 5 in Ice Magic
  2518 | Sewer    | Reached skill level 5 in Air Magic
  2518 | Sewer    | Reached skill level 5 in Earth Magic
  2518 | Sewer    | Reached skill level 5 in Alchemy
  2621 | Sewer    | Reached XP level 7. HP: 42/50 MP: 0/0
  2621 | Sewer    | Learned a level 3 spell: Dazzling Flash
  3235 | D:3      | Found a shadowy altar of Dithmenos.
  3691 | D:4      | Reached XP level 8. HP: 52/58 MP: 0/0
  4077 | D:4      | Noticed Pikel
  4083 | D:4      | Killed Pikel
  4084 | D:4      | Reached skill level 5 in Fighting
  4245 | D:4      | Found a broken altar of Ashenzari.
  4246 | D:4      | Noticed Eustachio
  4483 | D:4      | Found a large runed translucent door.
  4485 | D:4      | Found a large runed translucent door.
  4488 | D:4      | Found the ring of the Mage {Wiz Archmagi}
  4494 | D:4      | Found a large runed translucent door.
  4494 | D:4      | Found a large runed translucent door.
  4581 | D:4      | Reached XP level 9. HP: 26/66 MP: 0/0
  4581 | D:4      | Learned a level 3 spell: Mephitic Cloud
  5308 | D:5      | Entered Level 5 of the Dungeon
  5388 | D:5      | Reached skill level 1 in Armour
  5388 | D:5      | Reached skill level 1 in Shields
  5599 | D:5      | Noticed Prince Ribbit
  5603 | D:5      | Killed Prince Ribbit
  5973 | D:5      | Found a snail-covered altar of Cheibriados.
  6887 | D:6      | Noticed Duvessa
  6890 | D:6      | Noticed Dowan
  6895 | D:6      | Killed Duvessa
  6899 | D:6      | Killed Dowan
  7079 | D:6      | Found a sacrificial altar of Ru.
  7199 | D:6      | Reached XP level 10. HP: 67/72 MP: 0/0
  7974 | D:7      | Found a runed translucent door.
  7975 | D:7      | Reached skill level 5 in Dodging
  7984 | D:7      | Reached skill level 5 in Shields
  8110 | D:7      | Found a staircase to the Ecumenical Temple.
  8139 | Temple   | Entered the Ecumenical Temple
  8162 | Temple   | Became a worshipper of Makhleb the Destroyer
  8305 | D:7      | Found a basalt altar of Yredelemnul.
  8717 | D:8      | Found a hazy altar of Hepliaklqana.
  8955 | D:8      | Found a shimmering altar of Xom.
  9778 | D:8      | Reached * piety under Makhleb
 10199 | D:9      | Noticed a two-headed ogre
 10205 | D:9      | Killed a two-headed ogre
 10206 | D:9      | Reached XP level 11. HP: 41/76 MP: 0/0
 10206 | D:9      | Learned a level 4 spell: Passage of Golubria
 10513 | D:9      | Noticed Grum
 10517 | D:9      | Killed Grum
 10991 | D:9      | Found a blossoming altar of Fedhas.
 11094 | D:10     | Entered Level 10 of the Dungeon
 11275 | D:10     | Reached skill level 10 in Spellcasting
 11275 | D:10     | Reached skill level 10 in Conjurations
 11275 | D:10     | Reached skill level 10 in Hexes
 11275 | D:10     | Reached skill level 10 in Summonings
 11275 | D:10     | Reached skill level 10 in Necromancy
 11275 | D:10     | Reached skill level 10 in Translocations
 11275 | D:10     | Reached skill level 10 in Fire Magic
 11275 | D:10     | Reached skill level 10 in Ice Magic
 11275 | D:10     | Reached skill level 10 in Air Magic
 11275 | D:10     | Reached skill level 10 in Earth Magic
 11275 | D:10     | Reached skill level 10 in Alchemy
 11301 | D:10     | Found a staircase to the Lair.
 11303 | D:10     | Reached ** piety under Makhleb
 11554 | D:10     | Noticed Erica
 11593 | D:10     | Killed Erica
 12266 | Lair:1   | Entered Level 1 of the Lair of Beasts
 12658 | Lair:1   | You are sucked into a shaft and drop 1 floor!
 12750 | Lair:2   | Reached XP level 12. HP: 66/83 MP: 0/0
 13070 | Lair:2   | Reached *** piety under Makhleb
 13321 | Lair:2   | Found a staircase to the Shoals.
 13416 | Lair:1   | Slain by a cane toad

Illustrated notes

Levels and vault maps discovered:
D:1:      dpeg_arrival_rooms_c, layout_loops_ring, serial_shops, shop,
          hangedman_decor_push
D:2:      layout_loops_cross, kennysheep_donut, minmay_strange_pillars,
          kennysheep_path_1, kennysheep_generic_room_7
D:3:      layout_loops_ring, nicolae_dithmenos_shadow_blocks,
          portal_sewer_entry_e, minmay_splitting_lines
D:4:      layout_rooms, nicolae_overflow_hidden_temple,
          minmay_hollow_rounded_squares, uniq_pikel, uniq_crazy_yiuf_cottage,
          uniq_eustachio
D:5:      layout_loops_ring, slow_altar_2, uniq_prince_ribbit1
D:6:      layout_loops_corners, nicolae_overflow_crystal_walls, uniq_duvessa
D:7:      layout_basic, dk_yredelemnul_ordeal, vehumet_statue,
          minmay_temple_entry_ruins, minmay_door_square
D:8:      layout_gridville, mainiacjoe_overflow_six_doors_small, kennysheep_mini
D:9:      layout_basic, general_overflow_altar, grunt_ministairs_8, uniq_grum
D:10:     layout_loops_corners, erik_lair_island, st_stairs_4, uniq_erica
Temple:   cyrus_circular_temple
Lair:1:   statuecave_lemuel, layout_regular_city, lemuel_fruit_tree
Lair:2:   nzn_winding_woodlands_medium [nzn_winding_woodlands_5x5_default,
          nzn_winding_woodlands_5x15_eye, nzn_winding_woodlands_5x5_perimeter,
          nzn_winding_woodlands_5x5_checkerboard,
          nzn_winding_woodlands_center_diamonds,
          nzn_winding_woodlands_hourglass, nzn_winding_woodlands_5x5_cross,
          nzn_winding_woodlands_5x15_split_checker,
          nzn_winding_woodlands_5x5_three], layout_regular_city,
          shoals_dummy_entry, dummy_spider_entry, minivault_23,
          kilobyte_rumbling_trees

Skill      XL: |  1  2  3  4  5  6  7  8  9 10 11 12 |
---------------+-------------------------------------+-----
Fighting       | 1 2 3 4 5 6 |  6.1
Spellcasting   | 4 5 6 7 8 11 12 | 12.0
Conjurations   | 4 5 6 7 8 11 12 | 12.0
Hexes          | 4 5 6 7 8 11 12 | 12.0
Summonings     | 4 5 6 7 8 11 12 | 12.0
Necromancy     | 4 5 6 7 8 11 12 | 12.0
Translocations | 4 5 6 7 8 11 12 | 12.0
Fire Magic     | 4 5 6 7 8 11 12 | 12.0
Ice Magic      | 4 5 6 7 8 11 12 | 12.0
Air Magic      | 4 5 6 7 8 11 12 | 12.0
Earth Magic    | 4 5 6 7 8 11 12 | 12.0
Alchemy        | 4 5 6 7 8 11 12 | 12.0
Armour         | 3 |  3.5
Shields        | 3 7 |  7.3
Dodging        | 3 7 |  7.0
Stealth        | |  1.5

Action                     |  1- 3 |  4- 6 |  7- 9 | 10-12 || total
---------------------------+-------+-------+-------+-------++-------
  Melee: Flail             |       |       |     1 |       ||     1
   Cast: Foxfire           |    86 |   103 |   281 |   346 ||   816
         Scorch            |       |    11 |    46 |   170 ||   227
         Flame Wave        |       |       |     2 |     7 ||     9
         Mephitic Cloud    |       |       |     1 |     1 ||     2
    Use: Scroll            |       |       |    14 |     4 ||    18
         Potion            |       |       |       |     5 ||     5
 Armour: Robe              |    11 |     3 |       |    94 ||   108
         Leather armour    |       |     4 |    30 |       ||    34
  Dodge: Dodged            |    11 |     5 |    21 |    68 ||   105
  Block: Kite shield       |       |       |     3 |    79 ||    82

Table legend: (Time is in decaauts)
 A = Elapsed time spent in this place.
 B = Non-inter-level travel time spent in this place.
 C = Inter-level travel time spent in this place.
 D = Time resting spent in this place.
 E = Time spent auto-exploring this place.
 F = Levels seen in this place.
 G = Mean time per level.
                   A        B        C        D        E       F      G
               +--------+--------+--------+--------+--------+-----+--------+
         Total |  13412 |  13082 |    330 |      0 |  10899 |  14 |  958.0 |
       Dungeon |  11364 |  11034 |    330 |      0 |   9329 |  10 | 1136.4 |
        Temple |     42 |     42 |      0 |      0 |      0 |   1 |   42.0 |
          Lair |   1149 |   1149 |      0 |      0 |    927 |   2 |  574.5 |
         Sewer |    854 |    854 |      0 |      0 |    643 |   1 |  854.0 |
               +--------+--------+--------+--------+--------+-----+--------+

Top non-repeatable levels by time:
     D:4: 1706 daAuts
     D:6: 1262 daAuts
     D:9: 1248 daAuts
    D:10: 1171 daAuts
     D:8: 1131 daAuts
     D:5: 1074 daAuts
     D:7: 1026 daAuts
     D:2: 975 daAuts
     D:3: 908 daAuts
     D:1: 860 daAuts
   Sewer: 854 daAuts
  Lair:2: 699 daAuts
  Lair:1: 450 daAuts
  Temple: 42 daAuts
